 Dungeon Crawl Stone Soup version 0.18.1-8-gdd0e5ea (webtiles) character file.

8 jacquesderrida the Charmwright (level 2, 20/22 HPs)
             Began as a Demonspawn Skald on May 23, 2016.
             Quit the game on level 1 of the Dungeon.
             The game lasted 00:00:20 (151 turns).

jacquesderrida the Charmwright (Demonspawn Skald)    Turns: 151, Time: 00:00:21

Health: 20/22      AC:  5    Str: 12    XL:     2   Next: 0%
Magic:  5/5        EV: 11    Int: 13    God:
Gold:   0          SH:  2    Dex: 12    Spells: 1 memorised, 4 levels left

rFire  . . .     SeeInvis .     a - +0 spear
rCold  . . .     Gourm    .     b - +0 leather armour
rNeg   . . .     Faith    .     (no shield)
rPois  .         Spirit   .     (no helmet)
rElec  .         Dismiss  .     (no cloak)
rCorr  .         Reflect  .     (no gloves)
SustAt .         Harm     .     (no boots)
MR     .....                    (no amulet)
Stlth  +.........               (no ring)
                                (no ring)

@: not resistant to hostile enchantments, very unstealthy
A: large bone plates 1
a: no special abilities


You were on level 1 of the Dungeon.
You were not hungry.

You visited 1 branch of the dungeon, and saw 1 of its levels.

Inventory:

Hand Weapons
 a - a +0 spear (weapon)
Armour
 b - a +0 leather armour (worn)
Potions
 e - a potion of agility {unknown}
 f - a potion of curing {unknown}
 g - a potion of brilliance {unknown}
Books
 c - a book of Battle

   Spells                             Type                      Level
   a - Infusion                       Charms                       1
   b - Shroud of Golubria             Charms/Translocation         2
   c - Song of Slaying                Charms                       2
   d - Spectral Weapon                Hexes/Charms                 3
   e - Regeneration                   Charms/Necromancy            3
Comestibles
 d - a bread ration


   Skills:
 + Level 2.2 Fighting
 + Level 1.7 Polearms
 + Level 0.8 Armour
 + Level 1.0 Dodging
 + Level 2.1 Spellcasting
 + Level 2.9 Charms


You had 4 spell levels left.
You knew the following spells:

 Your Spells              Type           Power        Failure   Level  Hunger
a - Infusion              Chrm           #...         12%         1    ##.....


Dungeon Overview and Level Annotations

Branches:
Dungeon (1/15)

Altars:


Innate Abilities, Weirdness & Mutations

You are partially covered in large bone plates (AC +2, SH +2).


Message History

There are monsters nearby!
There are monsters nearby!
You hit the giant newt but do no damage.
The giant newt is heavily wounded.
The giant newt barely misses you.
You miss the giant newt.
The giant newt is heavily wounded.
The giant newt closely misses you.
You miss the giant newt.
The giant newt is heavily wounded.
The giant newt barely misses you.
You hit the giant newt but do no damage.
The giant newt is heavily wounded.
The giant newt bites you.
You hit the giant newt.
You kill the giant newt!
You have reached level 2!
Your demonic ancestry asserts itself...
Large bone plates grow over parts of your arms.
Are you sure you want to abandon this character and quit the game? (Confirm with "yes".)

#...##......... .♣
♣#♣#♣.. #......... ..
... #......... #♣.♣ ♣.♣
♣ #.........
#.....)..######........
♣.♣.♣(♣.♣.......######
#.......#########
♣.♣.♣K♣.♣ #....@..#
###### ♣#♣.♣.♣#♣
#....#####
#....#######.........
#......#.....##...##'###
####...+.....''...###...
##..#.....##...+###.#
#..########...#.###. ..>
+...#..#.# #### #...#
#.##


You could see a kobold.

Vanquished Creatures
  A bat (D:1)
  3 goblins (D:1)
  A hobgoblin (D:1)
  A giant newt (D:1)
  A rat (D:1)
7 creatures vanquished.

Vanquished Creatures (others)
  2 minotaurs (D:1)
  An octopode (D:1)
  2 elves (D:1)
  A formicid (D:1)
  A vampire (D:1)
  A spriggan (D:1)
  A dwarf (D:1)
  2 ogres (D:1)
  A centaur (D:1)
  4 tentacles (D:1)
  44 tentacle segments (D:1)
60 creatures vanquished.

Grand Total: 67 creatures vanquished

Notes
Turn   | Place    | Note
--------------------------------------------------------------
     0 | D:1      | jacquesderrida the Demonspawn Skald began the quest for the Orb.
     0 | D:1      | Reached XP level 1. HP: 16/16 MP: 3/3
     0 | D:1      | Noticed a vampire
     0 | D:1      | Noticed a minotaur
     0 | D:1      | Noticed a spriggan
     0 | D:1      | Noticed a dwarf
     0 | D:1      | Noticed a kraken
     0 | D:1      | Noticed an elf
     0 | D:1      | Noticed an elf
     0 | D:1      | Noticed a minotaur
     0 | D:1      | Noticed a centaur
     0 | D:1      | Noticed a formicid
     0 | D:1      | Noticed an octopode
     0 | D:1      | Noticed an ogre
     0 | D:1      | Noticed an ogre
     4 | D:1      | Killed a centaur
     6 | D:1      | Killed an octopode
     7 | D:1      | Killed a formicid
     8 | D:1      | Killed a spriggan
     9 | D:1      | Killed an ogre
     9 | D:1      | Killed an ogre
    10 | D:1      | Killed an elf
    10 | D:1      | Killed a minotaur
    11 | D:1      | Killed an elf
    12 | D:1      | Killed a vampire
    12 | D:1      | Killed a minotaur
    13 | D:1      | Killed a dwarf
   118 | D:1      | Reached skill level 1 in Dodging
   150 | D:1      | Gained mutation: You are partially covered in large bone plates (AC +2, SH +2). [demonic ancestry]
   150 | D:1      | Reached XP level 2. HP: 19/22 MP: 5/5
   151 | D:1      | Quit the game

Skill      XL: |  1 |
---------------+----+-----
Dodging        | 1 |  1.0
Fighting       | |  2.2
Polearms       | |  1.7
Armour         | |  0.8
Spellcasting   | |  2.1
Charms         | |  2.9

Action                   || total
-------------------------++-------
Melee: Spear             ||    22
 Stab: Distracted        ||     1
Armor: Leather armour    ||     2
Dodge: Dodged            ||     8
